 Dungeon Crawl Stone Soup version 0.30-a0-847-g17996783a1 (webtiles) character file.

Game seed: 6912994913569490442

44 FexLirch the Magician (level 3, -3/25 HPs)
             Began as a Djinni Earth Elementalist on Mar 3, 2023.
             Slain by a gnoll
             ... wielding a +0 spear
              (10 damage)
             ... on level 2 of the Dungeon.
             The game lasted 00:02:29 (981 turns).

FexLirch the Magician (Djinni Earth Elementalist)    Turns: 981, Time: 00:02:29

Health: -3/25      AC:  2    Str:  7    XL:     3   Next: 85%
Gold:   77         EV: 12    Int: 18    God:
                   SH:  0    Dex: 13

rFire   + + .      SeeInvis .    f - +0 sling
rCold   x . .      Faith    .    (no shield)
rNeg    . . .      Spirit   .    a - +0 robe
rPois   ∞          Reflect  .    (no helmet)
rElec   .          Rampage  .    (no cloak)
rCorr   .                        (no gloves)
Will    .....                    (boots unavailable)
Stlth   ++                       (no amulet)
HPRegen 0.24/turn                (no ring)
MPRegen 0.00/turn                (no ring)

@: flying
A: sickness immunity, fire resistance 2, cold vulnerability 1, float, innate
caster, HP casting, extra vitality 1
a: no special abilities


You were on level 2 of the Dungeon.
You visited 1 branch of the dungeon, and saw 2 of its levels.

You collected 77 gold pieces.

Inventory:

Hand Weapons
 b - a +0 short sword
 f - a +0 sling (weapon)
Missiles
 g - 5 stones
Armour
 a - a +0 robe (worn)
Scrolls
 c - 3 scrolls of teleportation {unknown}
 h - a scroll of poison {unknown}
 i - 2 scrolls of identify {unknown}
Potions
 d - a potion of attraction {unknown}
 e - a potion of lignification {unknown}
 j - 2 potions of curing


   Skills:
 - Level 2.1 Dodging
 - Level 1.5 Stealth
 + Level 3.5 Spellcasting


You knew the following spells:

 Your Spells              Type           Power      Damage    Failure   Level
a - Sandblast             Erth           30%        2d9       3%          1
b - Passwall              Tmut/Erth      12%        N/A       5%          2
c - Stone Arrow           Conj/Erth      30%        3d8       11%         3
d - Petrify               Tmut/Erth      15%        N/A       34%         4
e - Freeze                Ice            60%        1d7       3%          1
Your spell library was empty.

Dungeon Overview and Level Annotations

Branches:
Dungeon (2/15)

Altars:

Shops:
D:1 :


Innate Abilities, Weirdness & Mutations

You are immune to sickness and miasma.
You are immune to poison.
Your flesh is very heat resistant. (rF++)
You are vulnerable to cold. (rC-)
You float through the air rather than walking.
You learn spells naturally, not from books.
Your magical power is your life essence.
You have superior vitality. (+4 MHP)


Message History

The worm is severely wounded.
The gnoll shouts!
You hear an angry hiss.
There are monsters nearby!
The blast of sand hits the worm!
You kill the worm!
A ball python comes into view.
The gnoll throws a boomerang.
The boomerang barely misses you.
The blast of sand hits the gnoll.
The gnoll is moderately wounded.
The ball python hisses angrily.
You hear a shout!
The blast of sand hits the gnoll.
The gnoll is severely wounded.
The gnoll drinks a potion.
The gnoll is healed!
The gnoll hits you with a +0 club.
The blast of sand hits the gnoll!
The gnoll is heavily wounded.
The gnoll hits you with a +0 club.
The gnoll drinks a potion.
The gnoll seems to speed up.
The blast of sand hits the gnoll.
The gnoll is severely wounded.
The gnoll hits you from afar with a +0 spear.
The gnoll completely misses you. The gnoll misses you.
You are too injured to fight recklessly!
Casting: Sandblast (safe; 3% risk of failure)
Confirm with . or Enter, or press ? or * to list all spells.
Aiming: Sandblast (safe; 3% risk of failure)
Press: ? - help, Shift-Dir - straight line, f/p - gnoll
Aim: a gnoll, wielding a +0 club (severely wounded, 84% to hit)
The blast of sand hits the gnoll!
You kill the gnoll!
The gnoll hits you from afar with a +0 spear.
The ball python bites you but does no damage.
The ball python barely misses you. The gnoll closely misses you.
The ball python bites you.
* * * LOW HITPOINT WARNING * * *
The ball python closely misses you.
The ball python attacks as you move away!
The ball python barely misses you. x2
The gnoll hits you from afar with a +0 spear!
You die...

... ....
#.##..#.. #
####.......# #.
#.......#
#.##.##.####.#
#.......)....#
#.....g.#######
#.##.##S#..<..#
###....##@#.....#
...##..........#
#.##.##.#.....#
#.......#.....#
#.##.##########
#.......#
#...#.##.##
#.........# #
#...##)#..###.†.


You could see a gnoll (fast) and a ball python.

Vanquished Creatures
  A gnoll (D:2)
  A worm (D:2)
  A dart slug (D:1)
  2 endoplasms
  A giant cockroach (D:1)
  A goblin (D:1)
  2 hobgoblins
  4 jackals (D:1)
  3 kobolds
  A quokka (D:1)
  2 ball pythons
  5 bats (D:1)
  2 rats (D:1)
26 creatures vanquished.

Notes
Turn   | Place    | Note
-------+----------+-------------------------------------------
     0 | D:1      | FexLirch the Djinni Earth Elementalist began the quest for
                  | the Orb.
     0 | D:1      | FexLirch set off with the following spells memorised:
                  | Sandblast, Passwall, Stone Arrow, Petrify.
     0 | D:1      | Reached XP level 1. HP: 15/15 MP: 0/0
   170 | D:1      | Reached XP level 2. HP: 4/21 MP: 0/0
   197 | D:1      | Found a faded altar of an unknown god.
   321 | D:1      | Reached skill level 3 in Spellcasting
   440 | D:1      | Reached XP level 3. HP: 25/25 MP: 0/0
   440 | D:1      | Learned a level 1 spell: Freeze
   642 | D:1      | Found Learoi's Vocational Training.
   981 | D:2      | Slain by a gnoll

Illustrated notes

Levels and vault maps discovered:
D:1:      lightli_arrival_maybe_door_vault, layout_basic,
          dreamdust_ecumenical_altar_angels_and_demons, nicolae_shop_vocational
D:2:      layout_loops_cross, minmay_pentomino_p4

Skill      XL: |  1  2 |
---------------+-------+-----
Spellcasting   | 3 |  3.5
Dodging        | |  2.1
Stealth        | |  1.5

Action                     || total
---------------------------++-------
  Melee: Short sword       ||     2
   Fire: Sling             ||    16
   Cast: Sandblast         ||    42
 Armour: Robe              ||     1
  Dodge: Dodged            ||    24

Table legend: (Time is in decaauts)
 A = Elapsed time spent in this place.
 B = Non-inter-level travel time spent in this place.
 C = Inter-level travel time spent in this place.
 D = Time resting spent in this place.
 E = Time spent auto-exploring this place.
 F = Levels seen in this place.
 G = Mean time per level.
                   A        B        C        D        E       F      G
               +--------+--------+--------+--------+--------+-----+--------+
         Total |   1007 |    985 |     22 |      0 |    819 |   2 |  503.5 |
       Dungeon |   1007 |    985 |     22 |      0 |    819 |   2 |  503.5 |
               +--------+--------+--------+--------+--------+-----+--------+

Top non-repeatable levels by time:
     D:1: 897 daAuts
     D:2: 109 daAuts
